 Dungeon Crawl Stone Soup version 0.14-a0-1444-g21dc12d (webtiles) character file.

32917 M4edhros the Cleaver (level 13, -7/85 HPs)
             Began as an Octopode Transmuter on Dec 12, 2013.
             Was a High Priest of Okawaru.
             Engulfed by a cloud of freezing vapour (24 damage)
             ... in an ice cave.
             The game lasted 01:20:25 (19077 turns).

M4edhros the Cleaver (Octopode Transmuter)         Turns: 19077, Time: 01:20:26

HP  -7/85        AC 10     Str  9      XL: 13   Next: 64%
MP  21/21        EV 19     Int 22 (23) God: Okawaru [*****.]
Gold 525         SH 18     Dex 10 (13) Spells:  7 memorised,  3 levels left

rFire  . . .     SeeInvis +     c - +5,+0 war axe (elec)
rCold  . . .     Clarity  +     s - +1 shield {AC+3}
rNeg   . . .     Conserve .     M - +2 cap {Int+3}
rPois  .         rCorr    .     r - amulet of faith
rElec  +         rRot     .     B - +5 ring of evasion
SustAb . .       Spirit   .     I - ring of wizardry
rMut   .         Warding  .     (no ring)
Saprov . . .     Stasis   .     (no ring)
                                (no ring)
                                (no ring)
                                (no ring)
                                (no ring)

@: somewhat resistant to hostile enchantments, quite stealthy
A: almost no armour, amphibious, 8 rings, constrict 8, iridescent scales 1,
camouflage 1, see invisible, breathe flames 1, clarity, deterioration 1, fast
metabolism 1, electricity resistance, gelatinous body 1
a: Heroism, Finesse, Renounce Religion, Breathe Fire


You were in an ice cave.
You worshipped Okawaru.
Okawaru was extremely pleased with you.
You were hungry.

You visited 3 branches of the dungeon, and saw 17 of its levels.
You also visited: Ice Cave.

You collected 711 gold pieces.
You spent 186 gold pieces at shops.

Inventory:

Hand weapons
 c - a +5,+0 war axe of electrocution (weapon)
 o - the +2,+10 longbow "Piercer" {penet, EV-2}
   (You found it on level 6 of the Dungeon)

   Ammo fired by it will pass through the targets it hits, potentially hitting
   all targets in its path until it reaches maximum range.
   It affects your evasion (-2).
 t - a +4,+5 quick blade
Missiles
 b - 83 arrows
 m - 11 poisoned arrows
 Q - 11 arrows of frost
Armour
 s - a +1 shield of protection (worn)
 K - a +2 buckler of reflection
 M - a +2 cap of intelligence (worn)
Magical devices
 a - a wand of paralysis (14)
 d - a wand of digging (21)
 j - a wand of paralysis (11)
 v - a wand of digging (5)
 w - a wand of heal wounds (3)
 z - a wand of cold (11)
 G - a wand of lightning (1)
 N - a wand of fire (0)
 P - a wand of paralysis (14)
 R - a wand of cold (7)
 S - a wand of fireball (3)
Comestibles
 h - 2 bread rations
 A - 4 rotting chunks of polar bear flesh
Scrolls
 g - a scroll of enchant weapon I
 k - a scroll of enchant armour
 l - a scroll of holy word
 n - a scroll of noise
 p - a scroll of enchant weapon II
 x - 2 scrolls of recharging
 C - a scroll of torment
 D - 2 scrolls of summoning
 J - a scroll of amnesia
 L - a scroll of teleportation
 T - 2 scrolls of magic mapping
Jewellery
 f - an uncursed amulet of the gourmand
 r - an amulet of faith (around mantle)
 B - a +5 ring of evasion (left tentacle)
 F - an uncursed amulet of resist mutation
 I - a ring of wizardry (right tentacle)
Potions
 e - 3 potions of curing
 i - a potion of brilliance
 q - a potion of resistance
 u - a potion of invisibility
 E - a potion of agility
Books
 O - a book of Spatial Translocations

   Spells                             Type                      Level
   *Apportation                       Translocation                1
   Portal Projectile                  Translocation                2
   Blink                              Translocation                2
   *Shroud of Golubria                Charms/Translocation         2
   Teleport Other                     Translocation                3
   Passage of Golubria                Translocation                4


   Skills:
 - Level 6.8 Fighting
 * Level 11.9 Axes
 * Level 11.9 Bows
 + Level 10.0 Dodging
 + Level 5.3 Shields
 - Level 3.4 Unarmed Combat
 + Level 3.2 Spellcasting
 - Level 8.2 Transmutations


You had 3 spell levels left.
You knew the following spells:

 Your Spells              Type           Power        Failure   Level  Hunger
a - Beastly Appendage     Trmt           #####.       1%          1    None
b - Spider Form           Trmt/Pois      ###.......   8%          3    ###....
c - Sticks to Snakes      Trmt           #####.....   1%          2    ##.....
d - Summon Small Mammal   Summ           #...         13%         1    None
e - Blade Hands           Trmt           #####.....   12%         5    #####..
f - Apportation           Tloc           #.........   13%         1    None
g - Shroud of Golubria    Chrm/Tloc      #.........   26%         2    ##.....


Dungeon Overview and Level Annotations

Branches:
Dungeon (10/16)            Temple (1/1) D:4             Orc (0/4) D:9
   Lair (6/8) D:9           Swamp (0/5) Lair:3       Spider (0/5) Lair:3
  Slime: Lair:6-8

Altars:
Ashenzari
Cheibriados
Elyvilon
Fedhas
Kikubaaqudgha
Makhleb
Nemelex Xobeh
Okawaru
Sif Muna
Trog
Vehumet
Xom
Yredelemnul
Zin
the Shining One

Shops:
D:5 !   D:8 (*

Annotations:
Lair:1 Erica
Lair:6 exclusion: oklob plant IceCv exclusion: ice statue


Innate Abilities, Weirdness & Mutations

You cannot wear most types of armour.
You are amphibious.
You can wear up to eight rings at the same time.*
You can use your tentacles to constrict many enemies at once.*
Your skin changes colour to match your surroundings (Stlth).*
Your rubbery body absorbs attacks (AC +1).*
You are partially covered in iridescent scales (AC +4).*
You have supernaturally acute eyesight.
You can breathe flames.
You possess an exceptional clarity of mind.
Your body is slowly deteriorating.
You have a fast metabolism.
You are resistant to electric shocks.*


Message History

Okay, then.
You start resting.
HP restored.
Use which ability? (? or * to list) Use which ability? (? or * to list)
Okay, then.
Use which ability? (? or * to list)
Okay, then.
You swing at nothing.
You swing at nothing.
You swing at nothing.
You swing at nothing.
You are engulfed in freezing vapours.
You are engulfed in freezing vapours.
You are engulfed in freezing vapours.
You are engulfed in freezing vapours.
You are engulfed in freezing vapours.
* * * LOW HITPOINT WARNING * * *
You are engulfed in freezing vapours.
You die...

#≈≈## ### #.... #≈≈#
##.#### ##.##. #≈##
#...#.## #..##. #≈≈#
#≈#....####.###.
#≈≈###≈##.#§#.#.####(
##≈≈#≈#####%§.#.###..
####≈≈≈#≈####..§.##..#
##.##≈§##≈≈# ###..###.#
#.⌠.##@§#≈≈## ##..##..
##.##§§§≈≈≈≈##########.
#.###§#§%≈≈≈≈#≈# ##
##.##.≈#≈#≈≈≈≈≈## #
##.##§##≈≈≈#≈≈≈### #
##.#.§#≈≈≈≈≈#≈≈≈#####
#..##.##≈≈#≈#≈≈≈≈≈#≈≈
#.###.#≈≈≈≈≈≈≈##≈≈≈≈≈
##.#.##≈≈≈≈#≈≈##≈≈≈≈≈


There were no monsters in sight!

Vanquished Creatures
  An ice dragon (Lair:6)
  2 hydras (Lair:4)
  A death yak (IceCv)
  Joseph (D:8)
  4 black mambas
  5 elephants (Lair:4)
  Maurice (D:8)
  A queen ant (Lair:4)
  Psyche (D:8)
  6 spiny frogs
  2 fire drakes
  A two-headed ogre (D:9)
  12 polar bears
  4 komodo dragons
  9 blink frogs (Lair:2)
  A basilisk (Lair:2)
  A wyvern (D:8)
  3 sharks (Lair:5)
  A redback (Lair:3)
  41 yaks
  An elephant slug (Lair:4)
  5 hippogriffs
  A hill giant zombie (D:9)
  A merfolk (D:8)
  A steam dragon (D:9)
  22 wolves
  4 soldier ants (Lair:4)
  6 porcupines
  3 ogres
  2 ice beasts
  A sky beast (D:8)
  3 giant goldfish (Lair:5)
  A black bear (D:9)
  A yellow wasp (D:9)
  An orc warrior (D:9)
  2 centaurs
  6 crocodiles
  Duvessa (D:6)
  4 giant slugs
  6 water moccasins
  A wyvern zombie (D:6)
  4 agate snails
  5 giant frogs
  A hippogriff zombie (D:7)
  6 killer bees (D:7)
  5 wights
  A jelly (D:7)
  9 hounds
  Dowan (D:6)
  8 crimson imps
  2 goliath beetles
  A centaur zombie (D:9)
  27 worker ants
  Crazy Yiuf (D:6)
  3 big fish (D:8)
  A giant frog skeleton (D:7)
  A centaur skeleton (D:9)
  3 orc wizards
  4 orc priests
  A scorpion (D:8)
  11 iguanas
  An ogre zombie (D:7)
  Ijyb (D:5)
  A crocodile skeleton (D:5)
  A gnoll (D:3)
  11 adders
  4 giant centipedes
  39 green rats
  An inept feature mimic (D:3)
  3 giant mites
  4 worms
  An iguana zombie (D:5)
  6 giant geckos
  15 orcs
  16 bats
  20 goblins
  21 hobgoblins
  24 jackals
  13 kobolds
  14 quokkas
  A ball python (D:6)
  5 giant cockroaches
  A giant gecko skeleton (D:8)
  A giant newt (D:1)
  A giant spore (D:7)
  A goblin skeleton (D:5)
  23 rats
  A rat skeleton (D:7)
  A ballistomycete (D:7)
  2 fungi
  A plant (Lair:4)
500 creatures vanquished.

Vanquished Creatures (others)
  6 polar bears
  2 yaks (IceCv)
  An orc (D:5)
  A goblin (D:5)
10 creatures vanquished.

Grand Total: 510 creatures vanquished

Notes
Turn   | Place    | Note
--------------------------------------------------------------
     0 | D:1      | M4edhros, the Octopode Transmuter, began the quest for the Orb.
     0 | D:1      | Reached XP level 1. HP: 13/13 MP: 3/3
    60 | D:1      | Reached XP level 2. HP: 2/18 MP: 4/4
   763 | D:1      | Reached XP level 3. HP: 17/23 MP: 6/6
  1558 | D:2      | Reached skill level 1 in Axes
  1593 | D:2      | Reached XP level 4. HP: 18/28 MP: 7/7
  2089 | D:2      | Found a radiant altar of Vehumet.
  2748 | D:3      | Found an ancient bone altar of Kikubaaqudgha.
  2950 | D:3      | Found a deep blue altar of Sif Muna.
  2952 | D:3      | Found a sparkling altar of Nemelex Xobeh.
  3044 | D:3      | Reached XP level 5. HP: 17/33 MP: 9/9
  3569 | D:4      | Reached XP level 6. HP: 33/38 MP: 10/10
  3955 | D:4      | Found a staircase to the Ecumenical Temple.
  3965 | Temple   | Entered the Ecumenical Temple
  4044 | Temple   | Became a worshipper of Warmaster Okawaru
  4303 | D:5      | Entered Level 5 of the Dungeon
  4572 | D:5      | Reached skill level 4 in Dodging
  4608 | D:5      | Noticed Ijyb
  4614 | D:5      | Killed Ijyb
  5102 | D:5      | Found Iqoxzeir's Distillery.
  5115 | D:5      | Bought a potion of mutation for 45 gold pieces
  5115 | D:5      | Bought a potion of mutation for 45 gold pieces
  5116 | D:5      | Gained mutation: You are resistant to electric shocks. [potion of mutation]
  5116 | D:5      | Gained mutation: One of your tentacles bears a spike. [potion of mutation]
  5116 | D:5      | Gained mutation: You have supernaturally acute eyesight. [potion of mutation]
  5117 | D:5      | Lost mutation: One of your tentacles bears a spike. [potion of mutation]
  5117 | D:5      | Gained mutation: You are partially covered in iridescent scales (AC +4). [potion of mutation]
  5117 | D:5      | Gained mutation: You have a fast metabolism. [potion of mutation]
  5207 | D:5      | Found a shimmering altar of Xom.
  5225 | D:5      | Learned a level 3 spell: Spider Form
  5228 | D:5      | Learned a level 2 spell: Sticks to Snakes
  5237 | D:5      | You fall through a shaft for 3 floors!
  5405 | D:7      | Reached XP level 7. HP: 43/43 MP: 12/12
  5488 | D:7      | Reached skill level 5 in Axes
  5490 | D:7      | Acquired Okawaru's first power
  5741 | D:6      | Noticed Crazy Yiuf
  5749 | D:6      | Killed Crazy Yiuf
  5796 | D:6      | Reached skill level 5 in Dodging
  5796 | D:6      | Reached XP level 8. HP: 29/48 MP: 13/13
  5841 | D:6      | Noticed Dowan
  5851 | D:6      | Noticed Duvessa
  5867 | D:6      | Killed Duvessa
  5870 | D:6      | Killed Dowan
  5870 | D:6      | Reached skill level 1 in Bows
  6119 | D:6      | Reached skill level 6 in Axes
  6166 | D:6      | Found a snail-covered altar of Cheibriados.
  6650 | D:7      | Learned a level 1 spell: Summon Small Mammal
  6918 | D:7      | Noticed a hippogriff
  6930 | D:7      | Killed a hippogriff
  6930 | D:7      | Reached skill level 5 in Transmutations
  7312 | D:7      | Reached skill level 7 in Axes
  7312 | D:7      | Reached XP level 9. HP: 33/53 MP: 14/14
  7738 | D:5      | Found a basalt altar of Yredelemnul.
  7940 | D:4      | Found a blossoming altar of Fedhas.
  8226 | D:8      | Noticed a merfolk
  8242 | D:8      | Killed a merfolk
  8442 | D:8      | Noticed Psyche
  8456 | D:8      | Was placed under penance by Okawaru
  8462 | D:8      | Killed Psyche
  8462 | D:8      | Reached skill level 8 in Axes
  8462 | D:8      | Reached skill level 5 in Bows
  8521 | D:8      | Noticed Maurice
  8544 | D:8      | Killed Maurice
  8544 | D:8      | Was forgiven by Okawaru
  8596 | D:8      | Noticed Joseph
  8611 | D:8      | Killed Joseph
  8611 | D:8      | Reached XP level 10. HP: 26/58 MP: 16/16
  8622 | D:8      | Learned a level 5 spell: Blade Hands
  8651 | D:8      | Found Isituirph's Assorted Antiques.
  8653 | D:8      | Bought a scroll labeled TRACKU SKAER for 24 gold pieces
  8653 | D:8      | Bought a scroll labeled ICYASU NOGUI for 24 gold pieces
  8653 | D:8      | Bought a scroll of identify for 48 gold pieces
  8799 | D:8      | Found Diohieck's Antique Weapon Boutique.
  8818 | D:8      | Noticed a wyvern
  8822 | D:8      | Killed a wyvern
  8846 | D:8      | Acquired Okawaru's second power
  9192 | D:9      | Found a staircase to the Lair.
  9727 | D:9      | Received a gift from Okawaru
  9765 | D:9      | Found a staircase to the Orcish Mines.
  9814 | D:9      | Reached XP level 11. HP: 29/68 MP: 17/17
  9911 | D:10     | Entered Level 10 of the Dungeon
 10032 | Lair:1   | Entered Level 1 of the Lair of Beasts
 11053 | Lair:1   | Received a gift from Okawaru
 11053 | Lair:1   | Reached skill level 9 in Bows
 11077 | Lair:1   | Noticed Erica
 12179 | Lair:2   | Received a gift from Okawaru
 12252 | Lair:2   | Reached skill level 5 in Fighting
 12703 | Lair:2   | Reached skill level 1 in Shields
 13185 | Lair:3   | Found a hole to the Spider Nest.
 13211 | Lair:3   | Reached XP level 12. HP: 77/77 MP: 15/18
 13285 | Lair:3   | Found a staircase to the Swamp.
 13291 | Lair:3   | Reached skill level 10 in Bows
 13580 | Lair:3   | Received a gift from Okawaru
 13580 | Lair:3   | Reached skill level 10 in Axes
 13869 | Lair:3   | Learned a level 1 spell: Apportation
 13974 | D:8      | Received a gift from Okawaru
 14696 | Lair:4   | Noticed a seven-headed hydra
 14709 | Lair:4   | Killed a seven-headed hydra
 14942 | Lair:4   | Noticed a seven-headed hydra
 14981 | Lair:4   | Killed a seven-headed hydra
 14984 | Lair:4   | Received a gift from Okawaru
 15180 | Lair:4   | Noticed a seven-headed hydra
 16013 | Lair:4   | Reached skill level 11 in Bows
 16092 | Lair:4   | Received a gift from Okawaru
 16101 | Lair:4   | Reached XP level 13. HP: 35/84 MP: 19/19
 16676 | Lair:5   | You fall through a shaft!
 16743 | Lair:6   | Learned a level 2 spell: Shroud of Golubria
 16958 | Lair:6   | Found a frozen archway.
 16991 | Lair:6   | Received a gift from Okawaru
 17052 | IceCv    | Entered an ice cave
 17353 | IceCv    | HP: 4/85 [yak (18)]
 17702 | IceCv    | Reached skill level 5 in Shields
 17925 | IceCv    | Gained mutation: You can breathe flames. [potion of mutation]
 17925 | IceCv    | Gained mutation: You possess an exceptional clarity of mind. [potion of mutation]
 17925 | IceCv    | Gained mutation: Your body is slowly deteriorating. [potion of mutation]
 17966 | IceCv    | Noticed a frost giant
 18783 | IceCv    | Reached skill level 10 in Dodging
 19077 | IceCv    | Engulfed by a cloud of freezing vapour

Action                   |  1- 3 |  4- 6 |  7- 9 | 10-12 | 13-15 || total
-------------------------+-------+-------+-------+-------+-------++-------
Melee: Unarmed           |    80 |       |       |       |       ||    80
       Hand axe          |    16 |   136 |   232 |   255 |       ||   639
       War axe           |       |       |       |   434 |   292 ||   726
       Quick blade       |       |       |       |       |     7 ||     7
 Fire: Longbow           |       |       |    15 |    31 |     6 ||    52
 Cast: Sticks to Snakes  |       |       |     4 |     5 |       ||     9
       Spider Form       |       |       |       |     2 |       ||     2
       Shroud of Golubri |       |       |       |       |     1 ||     1
Invok: Heroism           |       |       |       |    20 |     9 ||    29
       Finesse           |       |       |       |       |     1 ||     1
Evoke: Wand              |       |     5 |    22 |    27 |    20 ||    74
  Use: Potion            |     1 |     3 |     3 |    11 |     2 ||    20
       Scroll            |       |     8 |     9 |    11 |     4 ||    32
 Stab: Sleeping          |     6 |     4 |     2 |    11 |     2 ||    25
       Distracted        |       |     1 |       |     1 |       ||     2
       Paralysed         |       |       |       |     2 |       ||     2
